 Dungeon Crawl Stone Soup version 0.29.1-13-g9f3cf754e1 (webtiles) character file.

Game seed: 15868703180001739581

58 Kold the Trooper (level 3, -2/29 HPs)
             Began as a Demonspawn Monk on Feb 1, 2023.
             Slain by an orc wizard
             ... wielding a +0 dagger
              (3 damage)
             ... on level 3 of the Dungeon.
             The game lasted 00:02:08 (3127 turns).

Kold the Trooper (Demonspawn Monk)                  Turns: 3127, Time: 00:02:09

Health: -2/29      AC:  2    Str: 11    XL:     3   Next: 75%
Magic:  3/3        EV: 13    Int: 11    God:
Gold:   187        SH:  0    Dex: 19    Spells: 2/2 levels left

rFire   . . .      SeeInvis .   a - +0 mace
rCold   . . .      Faith    .   (no shield)
rNeg    . . .      Spirit   .   b - +0 robe
rPois   .          Reflect  .   (no helmet)
rElec   .          Harm     .   (no cloak)
rCorr   .          Rampage  .   (no gloves)
Will    .....                   (no boots)
Stlth   +++.......              (no amulet)
HPRegen 0.09/turn               (no ring)
MPRegen 0.08/turn               (no ring)

@: no status effects
A: thin skeletal structure 1, foul stench 1
a: no special abilities


You were on level 3 of the Dungeon.
You visited 1 branch of the dungeon, and saw 3 of its levels.

You collected 187 gold pieces.

Inventory:

Hand Weapons
 a - a +0 mace (weapon)
Missiles
 k - 2 throwing nets (quivered)
Armour
 b - a +0 robe (worn)
Jewellery
 h - a ring of fire
 o - an amulet of guardian spirit
Scrolls
 d - 5 scrolls of identify {unknown}
 f - 3 scrolls of teleportation {unknown}
 g - a scroll of vulnerability {unknown}
 i - 2 scrolls of butterflies {unknown}
 j - a scroll of enchant armour {unknown}
 l - a scroll of immolation {unknown}
Potions
 c - a potion of ambrosia
 e - 4 potions of curing {unknown}
 m - a potion of brilliance {unknown}
 n - 2 potions of magic {unknown}


   Skills:
 + Level 3.4 Fighting
 + Level 3.1 Maces & Flails
 + Level 3.1 Dodging
 + Level 2.5 Stealth


You had 2 spell levels left.
You didn't know any spells.
Your spell library was empty.

Dungeon Overview and Level Annotations

Branches:
Dungeon (3/15)

Altars:


Innate Abilities, Weirdness & Mutations

You have a somewhat thin skeletal structure. (Dex +2, Stealth+)
You may rarely emit foul miasma when damaged in melee.


Message History

The orc misses you.
The orc wizard gestures wildly while chanting.
The orc wizard flickers and vanishes!
Deactivating autopickup; reactivate with Ctrl-A.
You hit the orc.
The orc is moderately wounded.
The orc barely misses you. The orc barely misses you.
The orc hits you with a +0 club. The orc closely misses you.
The orc attacks as you move away! The orc hits you with a +0 club.
You hear the quick rusting of a distant drain.
The orc hits you but does no damage. The orc attacks as you move away!
The orc closely misses you. The orc hits you with a +0 club.
The orc attacks as you move away! The orc hits you with a +0 club.
The orc attacks as you move away! The orc barely misses you.
The orc attacks as you move away! The orc barely misses you.
The orc attacks as you move away! The orc hits you with a +0 club.
The orc attacks as you move away! The orc closely misses you.
The orc attacks as you move away! The orc misses you.
The orc attacks as you move away! The orc hits you with a +0 club.
You barely miss the orc.
The orc is moderately wounded.
The orc barely misses you.
You hit the orc.
The orc is heavily wounded.
The orc hits you with a +0 club.
* * * LOW HITPOINT WARNING * * *
The orc hits you with a +0 club.
* * * LOW HITPOINT WARNING * * *
You hit the orc.
The orc is almost dead.
The orc barely misses you.
You sock the orc!
You kill the orc!
You hit something. Your punch misses something. Something hits you.
* * * LOW HITPOINT WARNING * * *
Unknown command.
You completely miss something. Something hits you.
You die...

#......#
#......#
#......#
#......#
#......#
#......#
#ooo...#
##{#####
#@# #.#
#.# #.#
#.. ###


You could see 3 orcs.

Vanquished Creatures
  An adder (D:3)
  A worm (D:2)
  An orc (D:3)
  4 bats
  9 endoplasms
  4 giant cockroaches
  3 goblins (D:1)
  2 hobgoblins
  A jackal (D:2)
  3 kobolds
  A quokka (D:1)
  4 ball pythons
  3 frilled lizards
  5 rats
42 creatures vanquished.

Notes
Turn   | Place    | Note
-------+----------+-------------------------------------------
     0 | D:1      | Kold the Demonspawn Monk began the quest for the Orb.
     0 | D:1      | Reached XP level 1. HP: 18/18 MP: 1/1
   128 | D:1      | Gained mutation: You have a somewhat thin skeletal
                  | structure. (Dex +2, Stealth+) [demonic ancestry]
   128 | D:1      | Reached XP level 2. HP: 2/24 MP: 2/2
  1339 | D:2      | Gained mutation: You may rarely emit foul miasma when
                  | damaged in melee. [demonic ancestry]
  1339 | D:2      | Reached XP level 3. HP: 8/29 MP: 3/3
  3126 | D:3      | HP: 1/29 [something (3)]
  3127 | D:3      | Slain by an orc wizard

Illustrated notes

Levels and vault maps discovered:
D:1:      nicolae_arrival_memento_mori, layout_loops_cross
D:2:      minmay_diamond_boxcup, layout_basic, serial_corexii_hall,
          corexii_hall_statues_deadend, chequers_hall_statues_corner_a,
          minmay_3d_cube
D:3:      layout_basic, lemuel_coloured_pillars_altar,
          cheibrodos_sewer_entry_sluice

Skill      XL: |  1  2 |
---------------+-------+-----
Stealth        | 2 |  2.5
Maces & Flails | 3 |  3.1
Dodging        | 3 |  3.1
Fighting       | |  3.4

Action                   || total
-------------------------++-------
Melee: Mace              ||   104
 Stab: Sleeping          ||    17
Armor: Robe              ||    18
Dodge: Dodged            ||    90
